 Dungeon Crawl Stone Soup version 0.31-a0-819-gf6de2f5ab6 (webtiles) character file.

Game seed: 8976961021113632263

43 qw the Shooter (level 3, 0/22 HPs)
             Began as a Gargoyle Hunter on Sept 23, 2023.
             Slain by Terence
             ... wielding a +0 hand axe
              (4 damage)
             ... on level 2 of the Dungeon.
             The game lasted 00:00:22 (929 turns).

qw the Shooter (Gargoyle Hunter)                     Turns: 929, Time: 00:00:23

Health: 0/22       AC:  6    Str: 14    XL:     3   Next: 58%
Magic:  3/3        EV: 11    Int:  9    God:
Gold:   96         SH:  0    Dex: 15    Spells: 2/2 levels left

rFire   . . .        Y - +0 shortbow
rCold   . . .        (shield currently unavailable)
rNeg    + . .        c - +0 leather armour
rPois   inf          (no helmet)
rElec   +            (no cloak)
rCorr   .            (no gloves)
SInv    .            (no boots)
Will    .....        (no amulet)
Stlth   ++           (no ring)
HPRegen 0.23/turn    (no ring)
MPRegen 0.08/turn

%: no passive effects
@: no status effects
A: sickness immunity, AC +3, negative energy resistance 1, electricity
resistance, torment resistance 1, petrification resistance
a: no special abilities


You were on level 2 of the Dungeon.
You visited 1 branch of the dungeon, and saw 2 of its levels.

You collected 96 gold pieces.


Innate Abilities, Weirdness & Mutations

You are immune to sickness and miasma.
Your stone body is resilient. (AC +3)
You are immune to poison.
You resist negative energy. (rN+)
You are resistant to electric shocks. (rElec)
You are resistant to unholy torment.
You are immune to petrification.


   Skills:
 + Level 2.6 Fighting
 - Level 5.0 Ranged Weapons
 - Level 1.5 Dodging
 - Level 1.1 Stealth


You had 2 spell levels left.
You didn't know any spells.
Your spell library was empty.

Inventory:

Hand Weapons
 Y - a +0 shortbow (weapon)
Armour
 c - a +0 leather armour (worn)
Jewellery
 b - an amulet of regeneration
Scrolls
 a - a scroll of immolation {unknown}
 d - a scroll of poison {unknown}
 e - a scroll of identify
 f - a scroll of revelation {unknown}

Dungeon Overview and Level Annotations

Branches:
Dungeon (2/15)

Altars:
Sif Muna

Annotations:
D:2 Terence


Message History

The arrow hits Terence but does no damage.
Terence is heavily wounded.
A kobold comes into view.
It is wielding a +1 short sword of speed.
Terence hits you with a +0 hand axe.
You shoot an arrow. The arrow barely misses Terence.
The arrow hits the quokka!
You kill the quokka!
Terence barely misses you.
You shoot an arrow.
The arrow hits Terence but does no damage.
Terence is heavily wounded.
Terence closely misses you.
You shoot an arrow.
The arrow hits Terence but does no damage.
Terence is heavily wounded.
Terence hits you but does no damage.
You shoot an arrow. The arrow barely misses Terence.
Terence completely misses you.
You shoot an arrow.
The arrow hits Terence but does no damage.
Terence is heavily wounded.
Terence hits you but does no damage. Terence barely misses you.
You shoot an arrow. The arrow hits Terence.
Terence is severely wounded.
Terence closely misses you.
You shoot an arrow. The arrow hits Terence.
Terence is severely wounded.
Terence hits you with a +0 hand axe.
You shoot an arrow. The arrow closely misses Terence.
The arrow barely misses the kobold.
Terence barely misses you.
You shoot an arrow. The arrow closely misses Terence.
The arrow closely misses the kobold.
Terence hits you with a +0 hand axe.
You shoot an arrow. The arrow completely misses Terence.
The arrow closely misses the kobold.
Terence hits you with a +0 hand axe.
You shoot an arrow. The arrow closely misses Terence.
The arrow hits the kobold!
You kill the kobold!
Terence hits you with a +0 hand axe. x2
You die...

....###...).....
#.#............. ###
##......#..... ##..
.............. #
....##.#...##.#### ##.#
.. ......##..## .....
.####........###
#.....###...<...####....
.....)@@........# #....
..!>#####.......####..<.
. #........%......
#.....).###.....
######...............
......................
.######.......####....
#.......# #####
#.......#


You could see Terence.

Vanquished Creatures
  An adder (D:2)
  A worm (D:2)
  A dart slug (D:2)
  3 ball pythons
  2 bats
  An endoplasm (D:1)
  2 giant cockroaches (D:1)
  A goblin (D:1)
  2 hobgoblins (D:1)
  2 quokkas
  5 frilled lizards
  7 kobolds
  3 rats (D:1)
31 creatures vanquished.

Notes
Turn   | Place    | Note
-------+----------+-------------------------------------------
     0 | D:1      | qw the Gargoyle Hunter began the quest for the Orb.
     0 | D:1      | Reached XP level 1. HP: 12/12 MP: 1/1
     0 | D:1      | 0 ||| qw: Version: 0.3-a-83-gcd0e7d8
     0 | D:1      | 0 ||| qw: Game counter: 1406
     0 | D:1      | 0 ||| qw: Melee chars always use a shield: true
     0 | D:1      | 0 ||| qw: God list: Okawaru
     0 | D:1      | 0 ||| qw: Allow faded altars: false
     0 | D:1      | 0 ||| qw: Do Orc after clearing Dungeon:15 true
     0 | D:1      | 0 ||| qw: Do second Lair branch before Depths: true
     0 | D:1      | 0 ||| qw: Lair rune preference: random
     0 | D:1      | 0 ||| qw: Goals: Normal
     0 | D:1      | 0 ||| PLANNING D:1-11
   158 | D:1      | Reached XP level 2. HP: 17/17 MP: 2/2
   343 | D:1      | Found a faded altar of an unknown god.
   707 | D:1      | 707 ||| READING scroll labelled FYUNI BARI TIM.
   708 | D:1      | 708 ||| READING scroll labelled APIDOO WIKLIRUILOD.
   709 | D:1      | 709 ||| DROPPING scroll of butterflies.
   745 | D:2      | 745 ||| FLEEEEING.
   746 | D:2      | 746 ||| FLEEEEING.
   747 | D:2      | 747 ||| FLEEEEING.
   749 | D:2      | 749 ||| STAIRDANCE
   766 | D:2      | 766 ||| STAIRDANCE
   777 | D:2      | Reached skill level 5 in Ranged Weapons
   777 | D:2      | Reached XP level 3. HP: 16/21 MP: 3/3
   777 | D:2      | 777 ||| STAIRDANCE
   808 | D:2      | Found a shimmering blue altar of Sif Muna.
   909 | D:2      | Noticed Terence
   928 | D:2      | HP: 5/22 [Terence/+0 hand axe (1)]
   929 | D:2      | Slain by Terence

Levels and vault maps discovered:
D:1:      minmay_arrival_stone_box, layout_basic,
          dilly_ecumenical_altar_fadedgnrine
D:2:      layout_rooms, basic_altar, minmay_between, uniq_terence

Skill      XL: |  1  2 |
---------------+-------+-----
Ranged Weapons | 5 |  5.0
Fighting       | |  2.6
Dodging        | |  1.5
Stealth        | |  1.1

Action                     || total
---------------------------++-------
   Fire: Shortbow          ||    84
    Use: Scroll            ||     2
 Armour: Leather armour    ||    18
  Dodge: Dodged            ||    19

Table legend:
 A = Non-vault XP
 B = Vault XP
 C = Vault XP percentage of total XP
 D = Non-vault monster count
 E = Vault monster count
 F = Vault count percentage of total count
                 A         B        C        D         E       F
            +---------+---------+-------+---------+---------+-------
      Total |      63 |       0 |   0.0 |      31 |       0 |   0.0
            +---------+---------+-------+---------+---------+-------
        D:1 |      28 |       0 |   0.0 |      18 |       0 |   0.0
        D:2 |      35 |       0 |   0.0 |      13 |       0 |   0.0
            +---------+---------+-------+---------+---------+-------
